 Dungeon Crawl Stone Soup version 0.20.0-8-g6b59dc7 (webtiles) character file.

37808 MTVSty1e the Severer (level 13, 0/122 HPs)
             Began as a Minotaur Monk on June 1, 2017.
             Was a High Priest of Okawaru.
             Slain by a blink frog (12 damage)
             ... on level 6 of the Lair of Beasts.
             The game lasted 00:39:08 (19157 turns).

MTVSty1e the Severer (Minotaur Monk)               Turns: 19157, Time: 00:39:09

Health: 0/122      AC: 19    Str: 16    XL:     13   Next: 60%
Magic:  17/17      EV:  9    Int:  9    God:    Okawaru [*****.]
Gold:   674        SH:  6    Dex: 14    Spells: 12/12 levels left

rFire    . . .     SeeInvis +   z - +5 mace of the Dark Horse {speed, Fragile rElec MR++ Str-4}
rCold    . . .     Gourm    .   g - +0 buckler
rNeg     . . .     Faith    .   B - +1 plate armour
rPois    .         Spirit   .   H - +1 hat
rElec    +         Reflect  .   u - scarf "Sefra" {Slay+2}
rCorr    .         Harm     .   j - +1 pair of gloves
MR       ++...                  w - +0 pair of boots
Stlth    ..........             (no amulet)
Regen    0.3/turn               o - ring of see invisible
MPRegen  0.2/turn               (no ring)

@: no status effects
A: retaliatory headbutt, horns 2, repulsion field 1, clever 1
a: Heroism, Finesse, Renounce Religion


You were on level 6 of the Lair of Beasts.
You worshipped Okawaru.
Okawaru was extremely pleased with you.
You were not hungry.

You visited 3 branches of the dungeon, and saw 17 of its levels.

You collected 674 gold pieces.

Inventory:

Hand Weapons
 a - a +1 hand axe of protection
 t - the +2 mace of Ahutz {crush, *Contam rF+ rC+ Stlth+}
   (You found it on level 6 of the Dungeon)

   It inflicts extra damage upon your enemies.
   It protects you from fire.
   It protects you from cold.
   It causes magical contamination when unequipped.
   It makes you more stealthy.
 z - the +5 mace of the Dark Horse (weapon) {speed, Fragile rElec MR++ Str-4}
   (You found it on level 4 of the Dungeon)

   Attacks with this weapon are significantly faster.
   It affects your strength (-4).
   It insulates you from electricity.
   It affects your resistance to hostile enchantments.
   It will be destroyed if unequipped.
 F - the +6 war axe of Dominance {pain, Int+4}
   (You found it on level 1 of the Lair of Beasts)

   In the hands of one skilled in necromantic magic, it inflicts extra damage on
   living creatures.
   It affects your intelligence (+4).
Armour
 g - a +0 buckler (worn)
 j - a +1 pair of gloves (worn)
 u - the scarf "Sefra" (worn) {Slay+2}
   (Okawaru gifted it to you on level 1 of the Lair of Beasts)

   It affects your accuracy and damage with ranged weapons and melee attacks
   (+2).
 w - a +0 pair of boots (worn)
 B - a +1 plate armour (worn)
 H - a +1 hat (worn)
Jewellery
 o - a ring of see invisible (left hand)
Wands
 f - a wand of flame (1/48)
 x - a wand of confusion (13/48)
 C - a wand of confusion (19/48)
 I - a wand of disintegration (12/24)
 J - a wand of flame (37/48)
Scrolls
 b - 8 scrolls of teleportation
 d - 7 scrolls of remove curse
 l - 3 scrolls of identify
 s - 4 scrolls of enchant armour
 v - 3 scrolls of amnesia
 y - a scroll of fear
 D - 4 scrolls of enchant weapon
 G - a scroll of magic mapping
 K - a scroll of vulnerability
Potions
 e - a potion of curing
 i - 7 potions of flight
 k - a potion of brilliance
 m - 2 potions of ambrosia
 n - 2 potions of mutation
 p - a potion of lignification
 r - 2 potions of invisibility
 A - 2 potions of haste
Books
 E - a book of Callings

   Spells                             Type                      Level
   a - Summon Small Mammal            Summoning                    1
   b - Call Imp                       Summoning                    2
   c - Call Canine Familiar           Summoning                    3
   d - Summon Guardian Golem          Hexes/Summoning              3
   e - Summon Lightning Spire         Summoning/Air                4
   f - Summon Ice Beast               Ice/Summoning                4
 M - a book of Beasts

   Spells                             Type                      Level
   a - Summon Butterflies             Summoning                    1
   b - Call Canine Familiar           Summoning                    3
   c - Summon Ice Beast               Ice/Summoning                4
   d - Summon Mana Viper              Hexes/Summoning              5
   e - Summon Hydra                   Summoning                    7
Miscellaneous
 c - a sack of spiders
Comestibles
 q - 6 meat rations


   Skills:
 + Level 13.6 Fighting
 * Level 18.4 Axes
 + Level 9.1 Armour
 - Level 3.2 Dodging
 - Level 1.5 Stealth
 - Level 7.6 Shields
 + Level 7.4 Invocations
 + Level 3.1 Evocations


You had 12 spell levels left.
You didn't know any spells.

Dungeon Overview and Level Annotations

Branches:
Dungeon (10/15)            Temple (1/1) D:7            Lair (6/6) D:8
 Shoals (0/4) Lair:3        Snake (0/4) Lair:3        Slime (0/5) Lair:5
    Orc: D:9-12

Altars:
Ashenzari
Cheibriados
Dithmenos
Elyvilon
Fedhas
Gozag
Hepliaklqana
Kikubaaqudgha
Makhleb
Nemelex Xobeh
Okawaru
Qazlal
Ru
Sif Muna
Trog
Uskayaw
Vehumet
Xom
Yredelemnul
Zin
The Shining One
Jiyva


Innate Abilities, Weirdness & Mutations

You reflexively headbutt those who attack you in melee.
You have a pair of horns on your head.
You are surrounded by a mild repulsion field. (EV +2)
Your mind is acute. (Int +2)


Message History

The blink frog is moderately wounded.
You sock the blink frog! You headbutt the blink frog.
The blink frog is severely wounded.
The blink frog closely misses you. x2
You miss the blink frog.
The blink frog is severely wounded.
The blink frog hits you but does no damage.
You sock the blink frog!
The blink frog is almost dead.
The blink frog hits you!
* * * LOW HITPOINT WARNING * * *
The blink frog blinks!
The blink frog hits you but does no damage.
You hit the blink frog.
You kill the blink frog!
Okawaru accepts your kill.
The blink frog hits you but does no damage.
There is an open door here.
You closely miss the blink frog. The blink frog hits you!
You die...

.#..................##.##
#..................##..P.
..........................
................†.........
.#...........F............
.##..........#............
###.....#.#..##..........
#.#....#......##§........
+............÷F@..†......
..#......#....#.#.†.......
.P#.....##....###.........
..P......#....# ..........
#PP.....#...#.###.........
##P......#..#+..P.........
#.........................
.........................
...................


You could see a blink frog.

Vanquished Creatures
  Gastronok (Lair:2)
  Harold (Lair:3)
  4 death yaks (Lair:4)
  2 two-headed ogres
  Sonja (Lair:2)
  A necromancer (Lair:3)
  A manticore (Lair:3)
  18 elephants
  5 black mambas
  Psyche (D:10)
  8 spiny frogs
  3 rime drakes
  4 komodo dragons
  A troll (D:9)
  A wind drake (Lair:3)
  2 polar bears
  Prince Ribbit (D:5)
  2 snapping turtles (Lair:3)
  15 blink frogs
  9 hippogriffs
  2 wyverns
  16 yaks
  3 basilisks
  Grum (D:9)
  3 hungry ghosts
  Menkaure (D:5)
  Edmund (D:5)
  11 water moccasins
  2 sky beasts
  10 porcupines
  An orc warrior (D:5)
  2 ice beasts
  An eye of draining (D:9)
  2 black bears
  A phantom (D:5)
  An elephant zombie (Lair:3)
  14 wolves
  2 ogres (D:9)
  3 centaurs
  3 elf zombies (D:8)
  9 crocodiles
  A big kobold (D:8)
  A komodo dragon zombie (Lair:3)
  14 bullfrogs
  An elf skeleton (D:8)
  A scorpion (D:6)
  11 killer bees
  2 electric eels
  3 howler monkeys
  4 crimson imps
  2 centaur zombies
  2 jellies (D:9)
  7 orc wizards
  4 hounds
  3 orc priests
  Crazy Yiuf (D:4)
  3 human skeletons (D:8)
  2 iguanas
  Jessica (D:2)
  Ijyb (D:3)
  Natasha (twice) (D:3)
  8 worker ants
  A crocodile zombie (Lair:3)
  A hound zombie (D:7)
  Robin (D:3)
  4 gnolls
  6 adders
  2 shadow imps
  3 adder skeletons
  2 adder zombies
  5 worms
  6 dart slugs
  5 leopard geckos
  33 orcs
  7 bats
  7 giant cockroaches
  19 goblins
  15 hobgoblins
  16 kobolds
  5 quokkas
  4 ball pythons
  5 frilled lizards
  A jackal skeleton (D:8)
  A leopard gecko zombie (D:5)
  3 orc skeletons (D:8)
  An orc zombie (D:8)
  A quokka skeleton (D:4)
  A quokka zombie (D:9)
  13 rats
412 creatures vanquished.

Vanquished Creatures (collateral kills)
  A crocodile (Lair:6)
1 creature vanquished.

Vanquished Creatures (others)
  An elephant zombie (Lair:3)
  A goblin (D:3)
  6 fungi
  6 plants
14 creatures vanquished.

Grand Total: 427 creatures vanquished

Notes
Turn   | Place    | Note
-------+----------+-------------------------------------------
     0 | D:1      | MTVSty1e the Minotaur Monk began the quest for the Orb.
     0 | D:1      | Reached XP level 1. HP: 19/19 MP: 0/0
    40 | D:1      | Reached skill level 4 in Axes
   150 | D:1      | Reached XP level 2. HP: 24/27 MP: 1/1
   658 | D:2      | Reached XP level 3. HP: 34/34 MP: 2/2
   980 | D:2      | Reached skill level 5 in Axes
   985 | D:2      | Reached XP level 4. HP: 29/41 MP: 3/3
  1082 | D:2      | Noticed Jessica
  1096 | D:2      | Killed Jessica
  1286 | D:2      | Reached skill level 5 in Fighting
  1943 | D:3      | Noticed Robin
  1950 | D:3      | Reached XP level 5. HP: 48/48 MP: 4/4
  1962 | D:3      | Reached skill level 6 in Axes
  1989 | D:3      | Killed Robin
  2186 | D:3      | Noticed Ijyb
  2188 | D:3      | Noticed Natasha
  2218 | D:3      | Killed Ijyb
  2220 | D:3      | Reached skill level 7 in Axes
  2245 | D:3      | Killed Natasha
  2245 | D:3      | Reached XP level 6. HP: 38/56 MP: 5/5
  2349 | D:3      | Noticed Natasha
  2356 | D:3      | Killed Natasha
  2764 | D:4      | Reached skill level 8 in Axes
  2916 | D:4      | Found a runed door.
  2920 | D:4      | Noticed Crazy Yiuf
  2929 | D:4      | Killed Crazy Yiuf
  2944 | D:4      | Got a steaming mace
  2945 | D:4      | Identified the +5 mace of the Dark Horse {speed, Fragile rElec MR++ Str-4} (You found it on level 4 of the Dungeon)
  2985 | D:4      | Reached XP level 7. HP: 60/63 MP: 6/6
  3608 | D:5      | Entered Level 5 of the Dungeon
  3608 | D:5      | Noticed Menkaure
  3721 | D:5      | Killed Menkaure
  3721 | D:5      | Reached skill level 9 in Axes
  3745 | D:5      | Noticed Edmund
  3760 | D:5      | Killed Edmund
  3924 | D:5      | Noticed Prince Ribbit
  3931 | D:5      | Killed Prince Ribbit
  3931 | D:5      | Reached skill level 10 in Axes
  3931 | D:5      | Reached XP level 8. HP: 51/73 MP: 7/7
  4311 | D:5      | Noticed a two-headed ogre
  4320 | D:5      | Killed a two-headed ogre
  4320 | D:5      | Reached skill level 11 in Axes
  4320 | D:5      | Reached XP level 9. HP: 68/82 MP: 8/8
  4528 | D:6      | Got a shimmering mace
  4608 | D:6      | Identified the +2 mace of Ahutz {crush, *Contam rF+ rC+ Stlth+} (You found it on level 6 of the Dungeon)
  4621 | D:6      | Reached skill level 12 in Axes
  5267 | D:7      | Found a staircase to the Ecumenical Temple.
  5281 | Temple   | Entered the Ecumenical Temple
  5383 | Temple   | Became a worshipper of Warmaster Okawaru
  5383 | Temple   | Reached * piety under Okawaru
  5383 | Temple   | Reached ** piety under Okawaru
  5598 | D:7      | Reached skill level 13 in Axes
  5798 | D:7      | Reached skill level 10 in Fighting
  6128 | D:8      | Reached *** piety under Okawaru
  6585 | D:8      | Found a white marble altar of Elyvilon.
  6979 | D:9      | Reached XP level 10. HP: 94/94 MP: 9/9
  7010 | D:9      | Reached skill level 14 in Axes
  7077 | D:9      | Noticed a two-headed ogre
  7089 | D:9      | Killed a two-headed ogre
  7711 | D:9      | Reached **** piety under Okawaru
  7717 | D:9      | Gained mutation: Your spells are a little harder to cast, but a little more powerful. [mutagenic meat]
  7718 | D:9      | Gained mutation: You tend to lose your temper in combat. [mutagenic meat]
  7719 | D:9      | Gained mutation: Your muscles are strong. (Str +2) [mutagenic meat]
  7808 | D:9      | Reached skill level 1 in Armour
  7808 | D:9      | Reached skill level 1 in Shields
  7828 | D:9      | Noticed Grum
  7841 | D:9      | Killed Grum
  7854 | D:9      | Reached skill level 1 in Invocations
  8413 | D:8      | Reached skill level 15 in Axes
  8632 | D:8      | Found a staircase to the Lair.
  8875 | D:8      | Reached ***** piety under Okawaru
  9225 | D:8      | Found a sparkling altar of Nemelex Xobeh.
  9563 | D:10     | Entered Level 10 of the Dungeon
  9563 | D:10     | Noticed Psyche
  9571 | D:10     | Killed Psyche
  9571 | D:10     | Reached XP level 11. HP: 103/103 MP: 11/11
  9615 | Lair:1   | Entered Level 1 of the Lair of Beasts
  9765 | Lair:1   | Received a gift from Okawaru
  9768 | Lair:1   | Got a polished scarf {god gift}
  9779 | Lair:1   | Identified the scarf "Sefra" {Slay+2} (Okawaru gifted it to you on level 1 of the Lair of Beasts)
  9949 | Lair:1   | Got a crystal war axe
 11292 | Lair:2   | Reached skill level 5 in Armour
 11306 | Lair:2   | Reached skill level 5 in Shields
 11541 | Lair:2   | Reached skill level 16 in Axes
 11657 | Lair:2   | Noticed Gastronok
 11684 | Lair:2   | Killed Gastronok
 11956 | Lair:2   | Noticed Sonja
 11980 | Lair:2   | Killed Sonja
 12428 | Lair:2   | Received a gift from Okawaru
 12574 | Lair:3   | Found a staircase to the Shoals.
 13012 | Lair:3   | Found a staircase to the Snake Pit.
 13027 | Lair:3   | Reached XP level 12. HP: 113/113 MP: 14/14
 13372 | Lair:3   | Reached skill level 5 in Invocations
 13892 | Lair:3   | Noticed Harold
 13906 | Lair:3   | Killed Harold
 13923 | Lair:3   | Identified the +6 war axe of Dominance {pain, Int+4} (You found it on level 1 of the Lair of Beasts)
 14449 | Lair:3   | Reached skill level 17 in Axes
 15685 | Lair:4   | Received a gift from Okawaru
 15704 | Lair:4   | Lost mutation: Your spells are a little harder to cast, but a little more powerful. [potion of mutation]
 15704 | Lair:4   | Lost mutation: Your muscles are strong. (Str +2) [potion of mutation]
 15704 | Lair:4   | Lost mutation: You tend to lose your temper in combat. [potion of mutation]
 15704 | Lair:4   | Gained mutation: You have a pair of large horns on your head. [potion of mutation]
 15704 | Lair:4   | Gained mutation: You can translocate small distances at will. [potion of mutation]
 15828 | Lair:4   | Noticed a death yak
 15828 | Lair:4   | Noticed a death yak
 15828 | Lair:4   | Noticed a death yak
 15838 | Lair:4   | Killed a death yak
 15855 | Lair:4   | Killed a death yak
 15865 | Lair:4   | Killed a death yak
 16011 | Lair:4   | Noticed a death yak
 16022 | Lair:4   | Killed a death yak
 16443 | Lair:4   | Reached XP level 13. HP: 122/122 MP: 16/16
 16659 | Lair:4   | Reached skill level 1 in Evocations
 17321 | Lair:5   | Lost mutation: You have a pair of large horns on your head. [potion of mutation]
 17321 | Lair:5   | Lost mutation: You can translocate small distances at will. [potion of mutation]
 17321 | Lair:5   | Gained mutation: Your mind is acute. (Int +2) [potion of mutation]
 17321 | Lair:5   | Gained mutation: You are surrounded by a mild repulsion field. (EV +2) [potion of mutation]
 17816 | Lair:5   | Found a viscous altar of Jiyva.
 17817 | Lair:5   | Found a staircase to the Slime Pits.
 17848 | Lair:5   | Reached skill level 18 in Axes
 18429 | Lair:6   | Entered Level 6 of the Lair of Beasts
 19157 | Lair:6   | Slain by a blink frog

Skill      XL: |  1  2  3  4  5  6  7  8  9 10 11 12 13 |
---------------+----------------------------------------+-----
Axes           | 4 5 7 8 10 11 13 15 16 17 18 | 18.4
Fighting       | 4 5 6 7 8 10 11 12 13 | 13.6
Armour         | 3 6 8 9 |  9.1
Shields        | 3 5 7 |  7.6
Invocations    | 2 4 6 7 |  7.4
Evocations     | 3 |  3.1
Dodging        | |  3.2
Stealth        | |  1.5

Action                   |  1- 3 |  4- 6 |  7- 9 | 10-12 | 13-15 || total
-------------------------+-------+-------+-------+-------+-------++-------
Melee: Hand axe          |    72 |   234 |       |       |       ||   306
       Headbutt          |     8 |    54 |    57 |   207 |    80 ||   406
       Mace              |       |     3 |   290 |   889 |   315 ||  1497
Invok: Heroism           |       |       |     1 |     7 |     2 ||    10
       Finesse           |       |       |       |     1 |       ||     1
Evoke: Wand              |       |       |       |     5 |       ||     5
  Use: Scroll            |       |     7 |    13 |     2 |     6 ||    28
       Potion            |       |     3 |     4 |     9 |     3 ||    19
 Stab: Sleeping          |     3 |     5 |       |       |       ||     8
  Eat: Bread ration      |       |     2 |     2 |     2 |     1 ||     7
       Fruit             |       |       |     4 |     1 |       ||     5
       Royal jelly       |       |       |     3 |     7 |     1 ||    11
       Chunk             |       |       |     2 |     6 |       ||     8
       Meat ration       |       |       |       |     1 |     1 ||     2
Armor: Robe              |    10 |    12 |       |       |       ||    22
       Scale mail        |       |    47 |    11 |       |       ||    58
       Plate armour      |       |       |   195 |   405 |   173 ||   773
Dodge: Dodged            |    38 |    82 |    38 |   179 |    98 ||   435
Block: Buckler           |     8 |    34 |    39 |   133 |    85 ||   299
